 Dungeon Crawl Stone Soup version 0.22.1-1-ga44c0e56f4 (webtiles) character file.

17496 Kaderl the Carver (level 12, 0/95 HPs)
             Began as a Merfolk Fighter on Nov 2, 2018.
             Slain by Rupert
             ... wielding a +2 great sword of holy wrath
              (9 damage)
             ... on level 12 of the Dungeon on Nov 3, 2018.
             The game lasted 00:48:10 (14095 turns).

Kaderl the Carver (Merfolk Fighter)                Turns: 14095, Time: 00:48:11

Health: 0/95       AC: 20    Str: 27    XL:     12   Next: 48%
Magic:  13/13      EV: 14    Int:  9    God:
Gold:   678        SH: 14    Dex: 14    Spells: 11/11 levels left

rFire    . . .     SeeInvis +   d - +3 scimitar (flame)
rCold    . . .     Gourm    .   c - +1 shield
rNeg     . . .     Faith    .   x - +6 scale mail of Feasting {Str+2}
rPois    .         Spirit   .   D - +0 helmet
rElec    .         Reflect  .   z - +1 cloak {MR+}
rCorr    .         Harm     .   g - +0 pair of gloves
MR       +....                  F - +0 pair of boots
Stlth    +.........             (no amulet)
HPRegen  0.25/turn              u - ring of see invisible
MPRegen  0.13/turn              B - +6 ring of strength

@: no status effects
A: change form in water, swift swim, stealthy swim
a: no special abilities


You were on level 12 of the Dungeon.
You were not hungry.

You visited 2 branches of the dungeon, and saw 13 of its levels.

You collected 762 gold pieces.
You spent 84 gold pieces at shops.

Inventory:

Hand Weapons
 d - a +3 scimitar of flaming (weapon)
Armour
 c - a +1 shield (worn)
 g - a +0 pair of gloves (worn)
 x - the +6 scale mail of Feasting (worn) {Str+2}
   (You found it on level 5 of the Dungeon)

   It affects your strength (+2).
 z - a +1 cloak of magic resistance (worn)
 D - a +0 helmet (worn)
 F - a +0 pair of boots (worn)
Jewellery
 e - an uncursed amulet of faith
 i - an uncursed ring of resist corrosion
 u - a ring of see invisible (left hand)
 A - a +3 ring of strength
 B - a +6 ring of strength (right hand)
Wands
 a - a wand of polymorph (11)
 w - a wand of digging (26)
 y - a wand of flame (73)
 C - a wand of iceblast (3)
Scrolls
 n - 5 scrolls of enchant weapon
 p - 8 scrolls of remove curse
 q - 3 scrolls of amnesia
 t - a scroll of magic mapping
 H - a scroll of fear
Potions
 b - 2 potions of ambrosia
 h - a potion of heal wounds
 j - 2 potions of haste
 k - 4 potions of flight
 l - a potion of mutation {unknown}
 m - a potion of cancellation {unknown}
 o - 4 potions of brilliance
 r - a potion of berserk rage {unknown}
 s - a potion of curing
 G - 3 potions of lignification {unknown}
 I - a potion of invisibility {unknown}
Comestibles
 f - 8 rations


   Skills:
 + Level 9.2 Fighting
 + Level 12.5 Long Blades
 + Level 7.0 Armour
 + Level 7.4 Dodging
 + Level 2.2 Stealth
 + Level 10.4 Shields
 + Level 1.9 Evocations


You had 11 spell levels left.
You didn't know any spells.
Your spell library contained the following spells:

 Spells                   Type           Power        Failure   Level  Hunger
 Animate Skeleton         Necr           N/A          83%         1    ##.....
 Apportation              Tloc           #.....       83%         1    ##.....
 Beastly Appendage        Tmut           #.....       83%         1    ##.....
 Confusing Touch          Hex            #.....       83%         1    ##.....
 Summon Small Mammal      Summ           #...         83%         1    ##.....
 Poisonous Vapours        Pois/Air       #.....       92%         2    ###....
 Sticks to Snakes         Tmut           #.......     92%         2    ###....
 Confuse                  Hex            #.......     99%         3    ####...
 Conjure Flame            Conj/Fire      #.......     99%         3    ####...
 Gell's Gravitas          Tloc           #.........   99%         3    ####...
 Mephitic Cloud           Conj/Pois/Air  #.......     99%         3    ####...
 Spider Form              Tmut/Pois      #.........   99%         3    ####...
 Ice Form                 Ice/Tmut       #.......     100%        4    #####..
 Petrify                  Tmut/Erth      #.......     100%        4    #####..
 Blade Hands              Tmut           #.........   100%        5    ######.
 Metabolic Englaciation   Hex/Ice        #.........   100%        5    ######.
 Yara's Violent Unravell  Hex/Tmut       #.........   100%        5    ######.
 Freezing Cloud           Conj/Ice/Air   #.........   100%        6    #######
 Ring of Flames           Chrm/Fire      #.........   100%        7    #######


Dungeon Overview and Level Annotations

Branches:
Dungeon (12/15)            Temple (1/1) D:4            Lair (0/6) D:11
    Orc: D:9-12

Altars:
Ashenzari
Cheibriados
Dithmenos
Elyvilon
Fedhas
Gozag
Hepliaklqana
Kikubaaqudgha
Makhleb
Nemelex Xobeh
Okawaru
Qazlal
Ru
Sif Muna
Trog
Uskayaw
Vehumet
Wu Jian
Xom
Yredelemnul
Zin
The Shining One

Shops:
D:11 ?(

Annotations:
D:12 Maurice, Rupert


Message History

You hit Rupert but do no damage.
Rupert is heavily wounded.
You block Rupert's attack.
You slash Rupert! You burn Rupert.
Rupert is heavily wounded.
You block Rupert's attack.
You slash Rupert! You burn Rupert.
Rupert is severely wounded.
Rupert hits you with a great sword of holy wrath!!
* * * LOW HITPOINT WARNING * * *
You hit Rupert but do no damage.
Rupert is severely wounded.
You block Rupert's attack.
You slice Rupert!! You burn Rupert.
Rupert is severely wounded.
Rupert barely misses you.
You hit Rupert. You burn Rupert.
Rupert is almost dead.
Rupert hits you with a great sword of holy wrath!
You die...

E#### P..# ...# #.####..
#......# #)# #.#
########.###############
..Y...@@...............#
........!..........#####
...................#....
......
...................#....
......
...................###'#
......
...................#...)
.......
...................'...รท
.......
.(.................#####
.......
...............)......#


You could see Rupert (berserk) and a sky beast.

Vanquished Creatures
  Snorg (D:11)
  Erolcha (D:9)
  Harold (D:9)
  Erica (D:7)
  A two-headed ogre (D:11)
  A death knight (D:10)
  Urug (D:12)
  An unseen horror (D:11)
  A phantasmal warrior (D:9)
  A manticore (D:11)
  A komodo dragon (D:10)
  5 trolls
  A hornet (D:11)
  2 hippogriffs
  3 wraiths
  3 water elementals
  A wyvern (D:10)
  A human (D:12)
  A yak (D:12)
  3 hogs (D:12)
  Edmund (D:5)
  14 two-headed ogre zombies (D:9)
  A hornet zombie (D:9)
  4 ice beasts
  3 orc warriors
  4 sky beasts
  3 phantoms
  5 ogres
  3 necrophages (D:8)
  2 wolves (D:11)
  6 centaurs
  A black bear (D:8)
  2 big kobolds
  Blork the orc (D:5)
  A gnoll sergeant (D:6)
  4 bullfrogs
  4 scorpions
  A wyvern skeleton (D:8)
  A water moccasin skeleton (D:11)
  6 killer bees
  2 howler monkeys (D:9)
  4 electric eels (D:11)
  4 crimson imps
  2 bullfrog zombies
  Crazy Yiuf (D:5)
  4 jellies
  2 centaur skeletons
  A gnoll shaman (D:8)
  11 orc priests
  9 hounds
  3 bullfrog skeletons (D:10)
  13 orc wizards
  Ijyb (D:4)
  An iguana (D:10)
  8 worker ants
  2 hound zombies
  A howler monkey zombie (D:10)
  A worker ant zombie (D:8)
  13 adders
  7 gnolls
  4 shadow imps
  An adder skeleton (D:9)
  An adder zombie (D:5)
  A worm (D:3)
  A dart slug (D:2)
  6 leopard geckos
  48 orcs
  A ball python (D:1)
  7 bats
  4 giant cockroaches
  10 goblins
  6 hobgoblins
  9 jackals
  4 quokkas
  5 frilled lizards
  12 kobolds
  8 rats
  A bush (D:8)
317 creatures vanquished.

Vanquished Creatures (others)
  A kobold (D:7)
  6 plants
7 creatures vanquished.

Grand Total: 324 creatures vanquished

Notes
Turn   | Place    | Note
-------+----------+-------------------------------------------
     0 | D:1      | Kaderl the Merfolk Fighter began the quest for the Orb.
     0 | D:1      | Reached XP level 1. HP: 18/18 MP: 1/1
   156 | D:1      | Reached XP level 2. HP: 18/24 MP: 2/2
   549 | D:1      | Reached XP level 3. HP: 29/29 MP: 3/3
  2057 | D:3      | Reached skill level 3 in Long Blades
  2057 | D:3      | Reached XP level 4. HP: 32/37 MP: 4/4
  2557 | D:4      | Found a staircase to the Ecumenical Temple.
  2560 | Temple   | Entered the Ecumenical Temple
  2839 | D:4      | Reached XP level 5. HP: 42/42 MP: 5/5
  2963 | D:4      | Noticed Ijyb
  2974 | D:4      | Killed Ijyb
  3610 | D:4      | Reached skill level 1 in Dodging
  3663 | D:4      | Noticed a phantom
  3677 | D:4      | Killed a phantom
  3677 | D:4      | Reached skill level 4 in Long Blades
  3677 | D:4      | Reached XP level 6. HP: 40/49 MP: 6/6
  3710 | D:4      | Found an ornate altar of the Wu Jian Council.
  3711 | D:4      | Found a glowing silver altar of Zin.
  4161 | D:5      | Entered Level 5 of the Dungeon
  4483 | D:5      | Reached XP level 7. HP: 34/55 MP: 7/7
  4640 | D:5      | Noticed Blork the orc
  4664 | D:5      | Killed Blork the orc
  4889 | D:5      | Got a bronze scale mail
  4899 | D:5      | Found a runed door.
  4903 | D:5      | Noticed Crazy Yiuf
  4913 | D:5      | Killed Crazy Yiuf
  5008 | D:5      | Noticed Edmund
  5076 | D:5      | Killed Edmund
  5076 | D:5      | Reached skill level 5 in Long Blades
  5226 | D:5      | Reached skill level 5 in Fighting
  5371 | D:5      | Reached skill level 5 in Shields
  5400 | D:5      | Reached XP level 8. HP: 32/62 MP: 8/8
  5683 | D:5      | Identified the +6 scale mail of Feasting {Str+2} (You found
                  | it on level 5 of the Dungeon)
  5768 | D:6      | Found a shattered altar of Ashenzari.
  6145 | D:6      | Reached skill level 6 in Long Blades
  6428 | D:6      | Reached skill level 7 in Long Blades
  6585 | D:7      | Noticed a hippogriff
  6696 | D:7      | Killed a hippogriff
  6696 | D:7      | Reached XP level 9. HP: 64/68 MP: 9/9
  7138 | D:8      | Found a blossoming altar of Fedhas.
  7230 | D:8      | Reached skill level 8 in Long Blades
  7304 | D:8      | Reached skill level 1 in Stealth
  7995 | D:7      | Found a hide-covered altar of Uskayaw.
  8254 | D:8      | Noticed Erica
  8955 | D:7      | Killed Erica
  8955 | D:7      | Reached skill level 9 in Long Blades
  8955 | D:7      | Reached skill level 5 in Dodging
  8955 | D:7      | Reached skill level 1 in Evocations
  8955 | D:7      | Reached XP level 10. HP: 67/79 MP: 10/10
  9353 | D:8      | Reached skill level 5 in Armour
  9582 | D:9      | Reached skill level 10 in Long Blades
  9710 | D:9      | Noticed Harold
 10292 | D:9      | Noticed Erolcha
 10308 | D:9      | Killed Erolcha
 10308 | D:9      | Reached XP level 11. HP: 51/86 MP: 11/11
 10489 | D:10     | Entered Level 10 of the Dungeon
 10723 | D:9      | Killed Harold
 10723 | D:9      | Reached skill level 11 in Long Blades
 11176 | D:10     | Noticed a death knight
 11179 | D:10     | Noticed a phantasmal warrior
 11214 | D:9      | Killed a phantasmal warrior
 11703 | D:10     | Killed a death knight
 12124 | D:10     | Identified a scroll of acquirement
 12127 | D:10     | Got a crude great sword
 12247 | D:11     | Found Wicuem's Magic Scroll Shoppe.
 12251 | D:11     | Bought a scroll of identify for 28 gold pieces
 12251 | D:11     | Bought 2 scrolls of identify for 56 gold pieces
 12359 | D:11     | Found Nuonuq's Weapon Shop.
 12689 | D:11     | Noticed an unseen horror
 12699 | D:11     | Killed an unseen horror
 12720 | D:11     | Noticed a two-headed ogre
 12760 | D:11     | Noticed a manticore
 12774 | D:11     | Killed a manticore
 12774 | D:11     | Reached skill level 12 in Long Blades
 12774 | D:11     | Reached XP level 12. HP: 60/94 MP: 13/13
 12959 | D:11     | Killed a two-headed ogre
 12959 | D:11     | Reached skill level 10 in Shields
 12975 | D:11     | Found a staircase to the Lair.
 13058 | D:11     | Noticed Snorg
 13067 | D:11     | Killed Snorg
 13234 | D:12     | Noticed Maurice
 13622 | D:12     | Noticed Urug
 13649 | D:12     | Killed Urug
 13668 | D:12     | Noticed Rupert
 14078 | D:12     | Paralysed by Rupert for 7 turns
 14095 | D:12     | Slain by Rupert

Skill      XL: |  1  2  3  4  5  6  7  8  9 10 11 12 |
---------------+-------------------------------------+-----
Long Blades    | 3 4 5 7 9 10 12 | 12.5
Fighting       | 4 5 7 8 9 |  9.2
Shields        | 4 5 6 8 9 10 | 10.4
Dodging        | 1 2 3 5 6 7 |  7.4
Armour         | 3 4 5 6 7 |  7.0
Stealth        | 1 2 |  2.2
Evocations     | 1 |  1.9

Action                   |  1- 3 |  4- 6 |  7- 9 | 10-12 || total
-------------------------+-------+-------+-------+-------++-------
Melee: Long sword        |   138 |   181 |   581 |       ||   900
       Scimitar          |       |       |       |   560 ||   560
       Tailslap          |       |       |       |    21 ||    21
Evoke: Wand              |       |     3 |     8 |    16 ||    27
  Use: Scroll            |     8 |     2 |     5 |    12 ||    27
       Potion            |       |     1 |     2 |     2 ||     5
  Eat: Ration            |     1 |     3 |     4 |     5 ||    13
Armor: Scale mail        |    63 |    43 |   229 |   194 ||   529
       Chain mail        |       |    29 |    28 |       ||    57
Dodge: Dodged            |    40 |    47 |   151 |   249 ||   487
Block: Shield            |    93 |    92 |   331 |   373 ||   889
       Rpst.: Long sword |    10 |    12 |    40 |       ||    62
       Scimitar          |       |       |       |    58 ||    58
